Map: 포트 알렉산더 - 래더

Players

Leenock

  • Race: Zerg Zerg
  • Spawn Location: 5:00

Trap - Winner!

  • Race: Protoss Protoss
  • Spawn Location: 11:00

Event: IEM Season 13: Katowice (2019)

VOD

Have the link to the VOD?

Description

Time

  • Played on: Feb. 28, 2019, 1:09 p.m.
  • Length: 10:33

All games in this series

Show
View Real Time Build Order
Export as new Build Order

Leenock Zerg 

Build Orders: Hatch First 

Get SALT Encoding   

  12  0:00  Drone  
  13  0:12  Overlord  
  13  0:18  Drone  
  14  0:30  Drone x2  
  14  0:35  Drone  
  17  0:51  Hatchery  
  17  0:54  Drone  
  17  0:58  Drone  
  18  1:05  Extractor  
  17  1:14  Spawning Pool  
  17  1:17  Drone  
  17  1:21  Drone  
  18  1:29  Drone  
  19  1:38  Drone  
  20  1:52  Hatchery  
  20  1:54  Drone  
  20  2:01  Drone  
  20  2:04  Drone  
  20  2:07  Metabolic Boost  
  22  2:17  Queen  
  24  2:22  Overlord  
  24  2:26  Drone  
  24  2:28  Drone  
  26  2:33  Drone  
  26  2:36  Zergling x2  
  28  2:41  Queen  
  30  2:44  Zergling x2  
  30  2:47  Zergling x2  
  30  2:50  Zergling x2  
  33  2:56  Queen  
  35  3:00  Drone  
  35  3:05  Drone x3  
  39  3:11  Queen  
  41  3:16  Drone  
  41  3:17  Overlord  
  42  3:28  Overlord  
  42  3:35  Queen  
  42  3:37  Drone x2  
  42  3:38  Drone  
  42  3:39  Drone  
  42  3:40  Overlord  
  48  3:42  Drone  
  48  3:43  Drone  
  50  3:53  Spore Crawler x2  
  50  3:55  Drone x2  
  49  3:57  Drone  
  49  3:58  Spore Crawler  
  49  3:59  Drone  
  49  4:01  Drone  
  51  4:04  Drone  
  51  4:06  Drone  
  53  4:10  Drone x4  
  53  4:13  Zergling x2  
  57  4:18  Overlord  
  57  4:23  Overlord  
  57  4:33  Lair, Roach Warren  
  57  4:35  Zergling x2  
  57  4:36  Overlord  
  57  4:37  Drone x3  
  60  4:43  Zergling x10  
  64  4:48  Drone x2  
  64  4:52  Drone  
  66  4:55  Drone  
  66  4:56  Drone x2  
  66  4:57  Drone x2  
  71  5:01  Zergling x8  
  71  5:06  Extractor x2  
  73  5:08  Zergling x4  
  74  5:17  Roach  
  74  5:18  Roach x2  
  80  5:24  Overlord  
  80  5:26  Overlord  
  80  5:34  Overlord  
  80  5:35  Glial Reconstitution  
  80  5:37  Overlord  
  80  5:44  Roach  
  80  5:49  Roach  
  81  5:51  Roach  
  81  5:52  Roach  
  77  6:09  Overseer  
  69  6:12  Drone x13  
  69  6:17  Roach  
  76  6:20  Drone  
  76  6:21  Drone  
  76  6:25  Hydralisk Den  
  73  6:26  Evolution Chamber  
  73  6:28  Drone x2  
  73  6:29  Drone  
  75  6:54  Drone x4  
  76  6:56  Extractor  
  76  6:57  Roach x8, Extractor  
  76  7:00  Zergling x2  
  87  7:14  Drone x7  
  94  7:15  Grooved Spines  
  94  7:22  Drone x3  
  97  7:29  Zerg Missile Weapons Level 1  
  96  7:49  Hydralisk x5  
  106  7:51  Overlord  
  106  7:52  Overlord  
  105  7:59  Roach  
  107  8:08  Roach  
  107  8:09  Roach x3  
  107  8:10  Roach  
  107  8:11  Roach x2  
  113  8:19  Roach x3  
  106  8:20  Roach x4  
  106  8:22  Roach  
  109  8:33  Roach  
  109  8:37  Hydralisk  
  110  8:42  Roach  
  110  8:44  Hatchery  
  110  8:46  Roach x3  
  115  8:49  Roach  
  115  8:53  Roach  
  115  8:54  Roach x2  
  114  8:57  Roach  
  114  9:01  Roach  
  94  9:07  Roach  
  78  9:11  Roach  
  78  9:19  Roach  
  66  9:27  Roach  
  62  9:33  Roach  
  53  9:39  Zergling x2  
  53  9:40  Zergling x2  
  53  9:43  Zergling x6  
  58  9:49  Zergling x2  
  45  10:02  Zergling x2  
  46  10:08  Zergling x2  
Show
View Real Time Build Order
Export as new Build Order

Trap Protoss - Winner!

Build Orders: 1 Gate Expand, Oracle Opening, Phoenix Opening 

Get SALT Encoding   

  12  0:00  Probe  
  13  0:12  Probe  
  14  0:19  Pylon  
  14  0:24  Probe  
  15  0:33  Probe  
  15  0:42  Probe  
  16  0:44  Gateway  
  17  0:51  Probe  
  17  0:52  Assimilator  
  18  1:04  Probe  
  19  1:16  Probe  
  20  1:27  Nexus  
  20  1:39  Cybernetics Core  
  20  1:41  Probe  
  21  1:48  Assimilator  
  21  1:54  Probe  
  22  1:57  Pylon  
  22  2:05  Adept  
  22  2:06  Probe  
  25  2:18  Probe  
  25  2:20  Stargate  
  26  2:28  Warp Gate  
  26  2:30  Probe  
  26  2:35  Adept  
  26  2:36  Probe  
  29  2:38  Probe  
  31  2:44  Probe  
  31  2:46  Probe  
  33  2:54  Probe  
  33  2:56  Probe  
  33  2:58  Phoenix  
  35  3:05  Adept  
  37  3:08  Probe  
  37  3:10  Probe  
  41  3:17  Pylon  
  41  3:20  Probe  
  41  3:22  Probe  
  41  3:25  Oracle  
  46  3:34  Gateway  
  46  3:38  Probe x2  
  48  3:43  Assimilator  
  48  3:47  Gateway  
  47  3:54  Twilight Council  
  47  3:56  Probe x2  
  47  4:01  Resonating Glaives  
  49  4:02  Pylon  
  49  4:17  Gateway  
  49  4:18  Gateway  
  49  4:20  Gateway  
  49  4:34  Probe x2  
  49  4:35  Pylon  
  51  4:43  Adept x3  
  57  4:52  Nexus  
  57  4:55  Assimilator  
  57  5:06  Pylon  
  57  5:11  Adept x2  
  57  5:12  Adept x3  
  67  5:18  Adept  
  69  5:26  Robotics Facility  
  69  5:27  Robotics Facility  
  69  5:28  Probe  
  69  5:29  Probe  
  71  5:38  Pylon  
  71  5:41  Probe x2  
  73  5:47  Adept x2  
  75  6:00  Pylon  
  75  6:01  Pylon  
  73  6:06  Sentry, Adept x3  
  79  6:19  Immortal x2  
  75  6:34  Sentry  
  75  6:35  Sentry x2  
  79  6:50  Immortal  
  79  6:51  Gateway  
  79  6:54  Gateway  
  77  6:55  Gateway  
  85  7:01  Warp Prism  
  85  7:07  Nexus  
  79  7:14  Sentry  
  79  7:15  Sentry x2, Adept x2  
  87  7:18  Adept  
  85  7:30  Pylon  
  85  7:31  Pylon, Observer  
  85  7:43  Stalker x4  
  94  7:47  Adept  
  94  7:58  Stalker x2  
  94  8:03  Zealot  
  98  8:16  Pylon  
  98  8:28  Stalker x5  
  108  8:38  Immortal  
  108  8:40  Pylon  
  108  9:00  Adept x5  
  77  9:19  Sentry  
  77  9:20  Sentry  
  61  9:53  Sentry x2  

Tags
 
Add a new tag
Caveats
  • Supply blocks, unpowered buildings, or Contaminate may cause inaccurate times.
  • Supply counts are checked every 10 seconds.